Description

Elazer surprizing Serral with a fast nydus Roach + Queen push.

Adaption is needed following the map to find overlord path and nydus canal spot.

Tips : Take time to micro you Attack. During Attack rally point in nydus network for roach and produce queens / roaches ONLY ( no droning except if opponent defend totally )

Build Order

Get SALT Encoding   

  12  0:00  Drone  
  13  0:12  Overlord  
  13  0:17  Drone  
  14  0:31  Drone x2  
  16  0:48  Hatchery  
  15  0:51  Drone  
  16  0:55  Drone  
  17  0:58  Drone  
  18  1:05  Extractor  
  17  1:13  Spawning Pool  
  16  1:17  Drone  
  17  1:20  Drone  
  18  1:28  Drone  
  19  1:39  Drone  
  20  1:49  Drone  
  21  2:02  Queen  Your 1st Overlord see Natural => send it out of vision and go get vision B1
  23  2:05  Zergling x4  
  25  2:08  Lair  
  25  2:11  Drone x2  
  27  2:21  Drone, Overlord  
  28  2:27  Extractor  
  27  2:33  Drone  
  28  2:41  Queen  
  30  2:43  Drone x3  
  33  2:52  Roach Warren  
  32  2:55  Drone  
  33  3:05  Overlord  
  33  3:06  Queen  
  35  3:10  Nydus Network  
  34  3:16  Overlord  
  34  3:31  Roach x4  1st Overlord should arrive around this timing to give vision on nydus spot (hiden)
  41  3:37  Roach  
  42  3:44  Roach  
  44  3:47  Nydus Canal  In B1 (hiden)
  44  3:51  Roach  
  46  4:00  Roach, Queen  Start 1st attack 3 queen + 2 roaches
  50  4:03  Overlord  
  50  4:09  Roach  
  52  4:14  Nydus Canal  2nd attack with all roaches and 3 queens
  52  4:19  Roach x3  
Spawning Tool Build Advisor. Get it on Overwolf

Go to:

Details

  • Created by: KidPaddle
  • Published on: Apr 11, 2020
  • Modified on: Apr 11, 2020
  • Patch: 4.11.0
Show
View Real Time Build Order
Export as new Build Order

Comments (0)

There are no comments. Be the first!

Create an account to comment!